 Dungeon Crawl Stone Soup version 0.25.1-2-g60ff931df9 (webtiles) character file.

Game seed: 13383182254268699247

221 Descartes the Sneak (level 5, -1/34 HPs)
             Began as an Octopode Warper on Aug 7, 2020.
             Slain by an orc wizard
             ... wielding a +0 dagger
              (6 damage)
             ... on level 3 of the Dungeon.
             The game lasted 00:03:31 (3388 turns).

Descartes the Sneak (Octopode Warper)               Turns: 3388, Time: 00:03:32

Health: -1/34      AC:  1    Str: 12    XL:     5   Next: 98%
Magic:  8/8        EV: 11    Int: 15    God:
Gold:   171        SH:  8    Dex: 11    Spells: 8/8 levels left

rFire    . . .     SeeInvis .   a - +0 dagger (venom)
rCold    . . .     Gourm    .   g - +0 kite shield
rNeg     . . .     Faith    .   (helmet restricted)
rPois    .         Spirit   .   (no amulet)
rElec    .         Reflect  .   (no ring)
rCorr    .         Harm     .   (no ring)
MR       .....                  (no ring)
Stlth    ++++......             (no ring)
HPRegen  0.11/turn              (no ring)
MPRegen  0.11/turn              (no ring)
                                (no ring)
                                (no ring)

@: no status effects
A: almost no armour, stealthy swim, amphibious, 8 rings, constrict 8, camouflage
1, gelatinous body 1
a: no special abilities


You were on level 3 of the Dungeon.
You were not hungry.

You visited 1 branch of the dungeon, and saw 3 of its levels.

You collected 171 gold pieces.

Inventory:

Hand Weapons
 a - a +0 dagger of venom (weapon)
Missiles
 b - 115 stones
 d - 5 boomerangs of dispersal (quivered)
 e - 61 arrows
 j - 43 sling bullets
 w - 12 poisoned darts
Armour
 g - a +0 kite shield (worn)
Wands
 s - a wand of flame (16)
Scrolls
 c - a scroll of blinking
 h - 2 scrolls of enchant weapon {unknown}
 k - 8 scrolls of identify {unknown}
 m - 2 scrolls of noise {unknown}
 n - a scroll of immolation {unknown}
 p - 2 scrolls of amnesia {unknown}
 q - 3 scrolls of fog {unknown}
 v - a scroll of magic mapping {unknown}
Potions
 i - a potion of berserk rage
 l - a potion of degeneration {unknown}
 o - 2 potions of mutation {unknown}
 r - a potion of haste {unknown}
 u - a potion of heal wounds {unknown}
Comestibles
 f - 6 rations


   Skills:
 - Level 2.0 Fighting
 - Level 2.0 Short Blades
 - Level 1.0 Throwing
 - Level 2.3 Dodging
 + Level 5.0 Stealth
 * Level 4.1 Shields
 - Level 2.0 Spellcasting
   Level 3.0 Translocations


You had 8 spell levels left.
You didn't know any spells.
Your spell library contained the following spells:

 Spells                   Type           Power        Failure   Level  Hunger
 Blink                    Tloc           N/A          36%         2    ###....
 Shroud of Golubria       Chrm/Tloc      #.....       58%         2    ###....
 Gell's Gravitas          Tloc           ##........   61%         3    ###....
 Lesser Beckoning         Tloc           ##........   61%         3    ###....
 Teleport Other           Tloc           ##......     61%         3    ###....
 Passage of Golubria      Tloc           N/A          95%         4    #####..


Dungeon Overview and Level Annotations

Branches:
Dungeon (3/15)

Altars:
Fedhas
Ru
Trog


Innate Abilities, Weirdness & Mutations

You cannot wear most types of armour.
You are very stealthy in the water. (Stealth+)
You are amphibious.
You can wear up to eight rings at the same time.
You can use your tentacles to constrict eight enemies at once.
Your skin changes colour to match your surroundings (Stealth+).
Your rubbery body absorbs attacks. (AC +1, EV +1)


Message History

Pain shoots through your body!
You hit the orc priest but do no damage.
You squeeze the orc priest, but do no damage.
The orc priest is severely wounded.
You constrict the orc priest.
You kill the orc priest!
Your Stealth skill increases to level 5!
Your Shields skill increases to level 4!
You hit the orc wizard. Your grab misses the orc wizard.
The orc wizard is lightly wounded.
The orc wizard gestures at you while chanting.
The magic dart hits you!
* * * LOW HITPOINT WARNING * * *
The orc wizard hits you but does no damage.
You hit the orc wizard but do no damage.
The orc wizard is poisoned.
Your grab misses the orc wizard. Your squeeze misses the orc wizard.
The orc wizard is lightly wounded.
The orc wizard hits you with a +0 dagger.
You die...

...#.## ### ....... ..#
..##.## #.# .....# #.#
.##### #.# .# #.### ## '##
#.#.## .. ..## ##..#.## .#
...## ##..###@## .# .
....## ##..## ##o# .# ...
.....####....###.###o#.....
.....'........#...ooo......
.....####...##.#####o......
....## ##....... .......
..>## ##.##.### ####.##
..## #.... # # .. # .###


You could see an orc wizard (fast, poisoned).

Vanquished Creatures
  A scorpion (D:2)
  An orc priest (D:3)
  Jessica (D:3)
  Ijyb (D:3)
  3 adders (D:2)
  An ooze (D:3)
  A worm (D:2)
  3 dart slugs
  8 bats
  3 giant cockroaches
  6 goblins
  8 hobgoblins
  2 kobolds
  A quokka (D:2)
  A ball python (D:1)
  A frilled lizard (D:2)
  13 rats
55 creatures vanquished.

Notes
Turn   | Place    | Note
-------+----------+-------------------------------------------
     0 | D:1      | Descartes the Octopode Warper began the quest for the Orb.
     0 | D:1      | Reached XP level 1. HP: 14/14 MP: 3/3
    23 | D:1      | Reached skill level 1 in Stealth
   362 | D:1      | Reached skill level 2 in Stealth
   364 | D:1      | Reached XP level 2. HP: 15/19 MP: 5/5
   702 | D:1      | Reached skill level 1 in Shields
   704 | D:1      | Reached skill level 3 in Stealth
   769 | D:1      | Reached XP level 3. HP: 22/24 MP: 6/6
  1630 | D:2      | Found a sacrificial altar of Ru.
  1786 | D:2      | Noticed a scorpion
  1820 | D:2      | Killed a scorpion
  1820 | D:2      | Reached skill level 4 in Stealth
  1820 | D:2      | Reached XP level 4. HP: 6/29 MP: 7/7
  2479 | D:2      | Reached XP level 5. HP: 19/34 MP: 8/8
  3051 | D:3      | Found a bloodstained altar of Trog.
  3073 | D:3      | Noticed Ijyb
  3079 | D:3      | Killed Ijyb
  3109 | D:3      | Found a blossoming altar of Fedhas.
  3236 | D:3      | Noticed Jessica
  3242 | D:3      | Killed Jessica
  3386 | D:3      | Reached skill level 5 in Stealth
  3388 | D:3      | Slain by an orc wizard

Illustrated notes

Levels and vault maps discovered:
D:1:      mushboom_english_gardens, layout_basic,
          chequers_serial_rivers_small_a, minivault_5, minmay_tiny_reverse_x
D:2:      layout_basic, nicolae_overflow_hidden_temple, old_standard_altar
D:3:      layout_loops_corners, bloody_trog, old_standard_altar, first_ration,
          fedhas_altar_3, uniq_jessica, uniq_ijyb, uniq_sigmund

Skill      XL: |  1  2  3  4  5 |
---------------+----------------+-----
Stealth        | 2 3 4 5 |  5.0
Shields        | 1 2 3 4 |  4.1
Fighting       | |  2.0
Short Blades   | |  2.0
Throwing       | |  1.0
Dodging        | |  2.3
Spellcasting   | |  2.0
Translocations | |  3.0

Action                   |  1- 3 |  4- 6 || total
-------------------------+-------+-------++-------
Melee: Short sword       |    71 |    28 ||    99
       Constrict         |    16 |     9 ||    25
       Tentacles         |     7 |     9 ||    16
       Dagger            |       |    15 ||    15
  Use: Potion            |     1 |       ||     1
 Stab: Sleeping          |     7 |     7 ||    14
  Eat: Chunk             |     3 |     5 ||     8
Armor: Skin              |     7 |     5 ||    12
Dodge: Dodged            |    25 |     9 ||    34
Block: Kite shield       |    16 |    10 ||    26
